 Dungeon Crawl Stone Soup version 0.21-a0-450-gd87a9b2 (webtiles) character file.

104 kiturien the Digger (level 4, -2/28 HPs)
             Began as an Octopode Earth Elementalist on Nov 19, 2017.
             Slain by an orc
             ... wielding a +0 whip
              (7 damage)
             ... on level 3 of the Dungeon.
             The game lasted 00:09:25 (2151 turns).

kiturien the Digger (Octopode Earth Elementalist)   Turns: 2151, Time: 00:09:26

Health: -2/28      AC:  1    Str:  7    XL:     4   Next: 80%
Magic:  7/17       EV: 13    Int: 18    God:
Gold:   58         SH:  0    Dex: 12    Spells: 8/9 levels left

rFire    . . .     SeeInvis +   e - +0 short sword
rCold    . . .     Gourm    .   (no shield)
rNeg     . . .     Faith    .   (helmet restricted)
rPois    .         Spirit   .   (no amulet)
rElec    .         Reflect  .   h - ring of see invisible
rCorr    .         Harm     .   r - ring of magical power
MR       .....                  (no ring)
Stlth    +++.......             (no ring)
HPRegen  0.09/turn              (no ring)
MPRegen  0.15/turn              (no ring)
                                (no ring)
                                (no ring)

@: no status effects
A: almost no armour, stealthy swim, amphibious, 8 rings, constrict 8, camouflage
1, gelatinous body 1
a: no special abilities


You were on level 3 of the Dungeon.
You were not hungry.

You visited 1 branch of the dungeon, and saw 3 of its levels.

You collected 58 gold pieces.

Inventory:

Hand Weapons
 e - a +0 short sword (weapon)
Missiles
 b - 32 stones (quivered)
Jewellery
 h - a ring of see invisible (left tentacle)
 r - a ring of magical power (right tentacle)
Scrolls
 a - 2 scrolls of enchant armour
 m - a scroll of identify
 n - a scroll of remove curse
Potions
 j - a potion of agility
 l - 2 potions of resistance
Books
 d - a book of Geomancy

   Spells                             Type                      Level
   a - Sandblast                      Earth                        1
   b - Passwall                       Transmutation/Earth          2
   c - Stone Arrow                    Conjuration/Earth            3
   d - Petrify                        Transmutation/Earth          4
   e - Lee's Rapid Deconstruction     Earth                        5
Comestibles
 c - 3 bread rations
 f - a royal jelly
 k - 5 fruits


   Skills:
 * Level 1.0 Fighting
 * Level 2.4 Dodging
 - Level 2.7 Stealth
 * Level 3.0 Spellcasting
   Level 1.0 Transmutations
 * Level 4.1 Earth Magic


You had 8 spell levels left.
You knew the following spells:

 Your Spells              Type           Power        Failure   Level  Hunger
a - Sandblast             Erth           ###...       3%          1    None


Dungeon Overview and Level Annotations

Branches:
Dungeon (3/15)

Altars:
Elyvilon


Innate Abilities, Weirdness & Mutations

You cannot wear most types of armour.
You are very stealthy in the water. (Stealth+)
You are amphibious.
You can wear up to eight rings at the same time.
You can use your tentacles to constrict eight enemies at once.
Your skin changes colour to match your surroundings (Stealth+).
Your rubbery body absorbs attacks. (AC +1, EV +1)


Message History

Casting: Sandblast
Confirm with . or Enter, or press ? or * to list all spells.
Aiming: Sandblast
Press: ? - help, Shift-Dir - straight line, f/p - orc
Aim: an orc, wielding a whip and wearing a scale mail (severely wounded)
The blast of sand misses the orc.
b - 33 stones The adder closely misses you.
The orc hits you with a whip.
* * * LOW HITPOINT WARNING * * *
The adder barely misses you.
Casting: Sandblast
Confirm with . or Enter, or press ? or * to list all spells.
Aiming: Sandblast
Press: ? - help, Shift-Dir - straight line, f/p - orc
Aim: an orc, wielding a whip and wearing a scale mail (severely wounded)
The blast of sand hits the orc.
The orc is severely wounded.
b - 32 stones The adder closely misses you.
The orc hits you with a whip!
You die...

.................#..
....................
.......$............
............<.....$.
....................
......)).........##.
......#..o..........
.#..###....o.)....#
## #...S@......#
##........#...
#...............
##...#####..##..
...#.# .## . ###...o
.. ..#. ..# ...


You could see an orc wizard (invisible), an adder and an orc.

Vanquished Creatures
  Jessica (D:3)
  An adder (D:2)
  2 worms (D:2)
  A dart slug (D:1)
  A leopard gecko (D:1)
  2 orcs (D:3)
  6 bats
  2 giant cockroaches (D:1)
  13 goblins
  3 hobgoblins (D:2)
  7 kobolds
  A quokka (D:2)
  5 frilled lizards
  12 rats
57 creatures vanquished.

Notes
Turn   | Place    | Note
-------+----------+-------------------------------------------
     0 | D:1      | kiturien the Octopode Earth Elementalist began the quest for the Orb.
     0 | D:1      | Reached XP level 1. HP: 11/11 MP: 3/3
    90 | D:1      | Reached XP level 2. HP: 10/17 MP: 5/5
   227 | D:1      | Identified a +0 pair of boots of running (You found it on level 1 of the Dungeon)
   768 | D:1      | Reached XP level 3. HP: 21/21 MP: 6/6
  1328 | D:2      | Found a white marble altar of Elyvilon.
  1690 | D:2      | Reached XP level 4. HP: 27/27 MP: 8/8
  2131 | D:3      | Noticed Jessica
  2138 | D:3      | Killed Jessica
  2138 | D:3      | Reached skill level 1 in Fighting
  2138 | D:3      | Reached skill level 4 in Earth Magic
  2151 | D:3      | Slain by an orc

Vault maps used:
D:1:      dpeg_arrival_subterranean_lakeside_camping, moated_statue
D:2:      nicolae_overflow_crystal_walls, kennysheep_generic_room_11
D:3:      grunt_temple_overflow_forces_of_nature, overflow_temple_1_default,
          first_bread, uniq_jessica

Skill      XL: |  1  2  3  4 |
---------------+-------------+-----
Fighting       | 1 |  1.0
Spellcasting   | 3 |  3.0
Earth Magic    | 4 |  4.1
Dodging        | |  2.4
Stealth        | |  2.7
Transmutations | |  1.0

Action                   |  1- 3 |  4- 6 || total
-------------------------+-------+-------++-------
Melee: Short sword       |    46 |    18 ||    64
       Constrict         |    14 |     4 ||    18
       Tentacles         |     7 |     2 ||     9
       Unarmed           |     1 |       ||     1
 Cast: Sandblast         |    22 |    18 ||    40
  Use: Scroll            |     3 |     2 ||     5
       Potion            |     2 |     4 ||     6
 Stab: Sleeping          |     7 |     2 ||     9
  Eat: Chunk             |     2 |     2 ||     4
Armor: Skin              |       |     2 ||     2
Dodge: Dodged            |    31 |    21 ||    52

Table legend:
 A = Spawn XP
 B = Non-spawn XP
 C = Spawn XP percentage of total XP
 D = Spawn monster count
 E = Non-spawn monster count
 F = Spawn count percentage of total count
 G = Total turns spent on level
                    A         B        C        D         E        F      G
               +---------+---------+-------+---------+---------+-------+---------
         Total |       0 |     149 |   0.0 |       0 |      57 |   0.0 |  2151
               +---------+---------+-------+---------+---------+-------+---------
           D:1 |       0 |      43 |   0.0 |       0 |      27 |   0.0 |  1221
           D:2 |       0 |      61 |   0.0 |       0 |      25 |   0.0 |   862
           D:3 |       0 |      45 |   0.0 |       0 |       5 |   0.0 |    68
               +---------+---------+-------+---------+---------+-------+---------
